Cogmind - Beta 10 @@@ ROGUE MODE // 2020.09.17 @ 23:02:07 Player: Reishara Result: Destroyed by S-10 Pest with Light Assault Rifle Performance ------------- Evolutions (1) 500 Regions Visited (3) 600 Robots Destroyed (26) 130 Value Destroyed (679) 679 Prototype IDs (1) 20 Alien Tech Used (0) 0 Bonus (0) 0 TOTAL SCORE: 1929 Bonus ------- None Cogmind --------- Core Integrity 0/400 Matter 260/300 Energy 62/250 System Corruption 2% Temperature Cool (136) Movement Flying (665) Ox9 Location -9/Storage Parts ------- > --- POWER (1) -------- Ion Engine > --- PROPULSION (3) --- Improved Flight Unit > --- UTILITY (3) ------ Large Storage Unit High-capacity Storage Unit > --- WEAPON (2) ------- Spread Laser > --- INVENTORY (18) --- Reinforced Ion Engine Small Storage Unit Hammer Peak State ------------ > --- POWER ------------ Reinforced Ion Engine > --- PROPULSION ------- Aluminum Leg Aluminum Leg Improved Flight Unit > --- UTILITY ---------- Large Storage Unit High-capacity Storage Unit Reclamation Unit > --- WEAPON ----------- EM Shotgun EM Shotgun > --- INVENTORY -------- Ion Engine Ion Engine Light Treads Light Treads Aluminum Leg Wheel Wheel Small Storage Unit Large Storage Unit Field Recycling Unit EM Shotgun Medium Laser Spread Laser Spread Laser Spread Laser Light Assault Rifle Heavy Assault Rifle [Rating: 17] Favorites ----------- Power Reinforced Ion Engine Engine Reinforced Ion Engine Power Core Light Nuclear Core Propulsion Aluminum Leg Treads Light Treads Leg Aluminum Leg Flight Unit Improved Flight Unit Utility High-capacity Storage Unit Device Reclamation Unit Storage High-capacity Storage Unit Protection Light Armor Plating Weapon Assault Rifle Energy Gun EM Shotgun Ballistic Gun Assault Rifle Impact Weapon Hammer Build | -11 -10 -9 -9 ------- Run | Scr Mat Mat Sto Slots Evolved 2 | . . 2 . Power . | . . . . Propulsion 1 | . . 1 . Utility 1 | . . 1 . Weapon . | . . . . Parts Attached 40 | 6 6 7 21 Power 5 | 1 1 1 2 Engine 4 | 1 . 1 2 Core 1 | . 1 . . Reactor . | . . . . Propulsion 13 | 2 1 4 6 Treads 2 | . . . 2 Leg 9 | 2 1 3 3 Wheel . | . . . . Hover . | . . . . Flight 2 | . . 1 1 Utility 10 | 1 3 1 5 Device 3 | . . . 3 Storage 5 | 1 3 . 1 Processor . | . . . . Hackware . | . . . . Protection 2 | . . 1 1 Artifact . | . . . . Weapon 12 | 2 1 1 8 Energy Gun 8 | 1 . . 7 Energy Cannon . | . . . . Ballistic Gun 3 | 1 1 1 . Ballistic Cannon . | . . . . Launcher . | . . . . Special Weapon . | . . . . Impact Weapon 1 | . . . 1 Slashing Weapon . | . . . . Piercing Weapon . | . . . . Special Melee Weapon . | . . . . Unidentified Prototypes 1 | . . 1 . Parts Lost 18 | . . 1 17 Power 1 | . . . 1 Propulsion 6 | . . . 6 Utility 5 | . . 1 4 Weapon 6 | . . . 6 Highest Loss Streak 11 | . . 1 11 Average Slot Usage (%) 93 | . 89 100 92 Engine 9 | . 9 5 10 Core 2 | . 4 5 . Treads 3 | . . . 8 Leg 23 | . 28 23 20 Flight 3 | . . 9 3 Device 4 | . . . 11 Storage 18 | . 17 22 15 Protection 3 | . . 11 2 Energy Gun 7 | . 7 . 13 Ballistic Gun 13 | . 20 22 1 Impact Weapon 1 | . . . 3 Naked Turns . | . . . . Heaviest Build 65 | 12 56 65 65 Greatest Support 40 | 20 20 30 40 Greatest Overweight (x) 9 | 2 2 3 9 Average Overweight (x) 1 | . . 2 1 Largest Inventory Capacity 18 | 6 18 18 18 Average Capacity 12 | 5 8 18 14 Most Carried 18 | 6 11 18 17 Average Carried 10 | 4 6 15 12 Final Capacity 18 | 6 18 18 18 Final Carried 18 | 6 11 18 3 Class Distribution -------------------- 75% | Mutant 24% | Scavenger-Mutant Dominant Class ---------------- Mutant | -10/Materials Mutant | -9/Materials Scavenger-Mutant | -9/Storage Resources | -11 -10 -9 -9 ----------- Run | Scr Mat Mat Sto Matter Collected 637 | 181 147 194 115 Remotely . | . . . . Salvage Created 891 | . 218 229 444 Parts 62 | . 12 16 34 Haulers Intercepted . | . . . . Recyclers Shooed 1 | . 1 . . Parts Field Recycled 3 | . . . 3 Retrieved Matter 24 | . . . 24 Parts Self-Destructed . | . . . . Prevented . | . . . . Kills | -11 -10 -9 -9 ------- Run | Scr Mat Mat Sto Combat Hostiles Destroyed 24 | . 5 5 14 Melee 1 | . . . 1 Guns 19 | . 5 5 9 AOE 4 | . . . 4 Classes Destroyed 7 | . 3 2 2 Worker 1 | . . . 1 Recycler 1 | . 1 . . Swarmer 9 | . 3 . 6 Grunt 10 | . 2 3 5 Brawler 2 | . . 1 1 Duelist 1 | . . . 1 Sentry 2 | . . 1 1 Best Kill Streak 5 | . 5 4 5 Combat Bots Only 4 | . 4 4 4 Max Kills in Single Turn 3 | . 1 1 3 Gunslinging . | . . . . Exploded 3 | . . . 3 Melee 1 | . . . 1 Uniques/NPCs Destroyed . | . . . . Combat | -11 -10 -9 -9 -------- Run | Scr Mat Mat Sto Damage Taken 2481 | . 278 367 1836 Core 483 | . 80 38 365 Absorbed by Shields 59 | . . . 59 Core Remaining (%) 84 | 100 68 . . Volleys Fired 78 | . 23 23 32 Largest 2 | . 2 2 2 Hottest 130 | . 60 43 130 Shots Fired 151 | . 46 46 59 Gun 151 | . 46 46 59 Cannon . | . . . . Launcher . | . . . . Special . | . . . . Kinetic 106 | . 44 46 16 Thermal 12 | . 2 . 10 Explosive . | . . . . Electromagnetic 33 | . . . 33 Robot Hit Streak 12 | . 7 8 12 Robot Miss Streak 4 | . 4 2 3 Penetration Max . | . . . . Secondary Targets 3 | . 1 2 . Max Gunslinging Chain 1 | . 1 1 . Shots Hit Robots 110 | . 30 28 52 Core Hits 49 | . 12 11 26 Critical Hits . | . . . . Critical Kills . | . . . . Critical Parts Destroyed . | . . . . Melee Attacks 5 | . . . 5 Impact 5 | . . . 5 Slashing . | . . . . Piercing . | . . . . Sneak Attacks 1 | . . . 1 Combat Hostiles . | . . . . Follow-up Attacks . | . . . . Damage Inflicted 1572 | . 323 275 974 Guns 1186 | . 317 275 594 Cannons . | . . . . Explosions 284 | . . . 284 Melee 96 | . . . 96 Ramming 6 | . 6 . . Kinetic 678 | . 295 275 108 Thermal 224 | . 22 . 202 Explosive 174 | . . . 174 Electromagnetic 394 | . . . 394 Impact 96 | . . . 96 Slashing . | . . . . Piercing . | . . . . Highest Corruption 2 | . . . 2 Average Corruption 2 | . . . 2 Corruption Purged . | . . . . Effects 2 | . . . 2 Message Errors 2 | . . . 2 Overload Shots . | . . . . Overflow Damage 69 | . . . 69 Projectiles . | . . . . Explosions 49 | . . . 49 Melee 20 | . . . 20 Knockbacks . | . . . . Impact . | . . . . Kinetic . | . . . . Secondary . | . . . . Self-Inflicted Damage 191 | . 2 . 189 Shots 3 | . . . 3 Rammed 2 | . 2 . . Targets Rammed 2 | . 2 . . Kicked . | . . . . Crushed . | . . . . Highest Temperature 232 | . 15 33 232 Average Temperature 49 | . 8 10 67 Received Heat Transfer 353 | . 78 90 185 Siege Activations . | . . . . Robots Corrupted . | . . . . Combat Hostiles . | . . . . Parts Fried . | . . . . Impact Corruptions 1 | . . . 1 Robots Melted . | . . . . Combat Hostiles . | . . . . Parts Melted . | . . . . Heat Transferred 348 | . 50 . 298 Parts Sabotaged . | . . . . Parts Stolen . | . . . . Parts Stripped . | . . . . Power Chain Reactions 2 | . . . 2 Missiles Intercepted . | . . . . Alert | -11 -10 -9 -9 ------- Run | Scr Mat Mat Sto Peak Influence 223 | . 140 195 223 Initial 78 | . . . 78 Average 71 | . 18 77 132 Maximum Alert Level 1 | . . . 1 Low Security (%) 94 | 100 100 100 83 Level 1 5 | . . . 16 Level 2 . | . . . . Level 3 . | . . . . Level 4 . | . . . . Level 5 . | . . . . High Security . | . . . . Max Security . | . . . . Squads Dispatched 5 | . 1 . 4 Investigation . | . . . . Extermination . | . . . . Reinforcement 2 | . 1 . 1 Assault . | . . . . Garrison 3 | . . . 3 Intercept . | . . . . Construction Impeded . | . . . . Haulers Reinforced . | . . . . Stealth | -11 -10 -9 -9 --------- Run | Scr Mat Mat Sto Distress Signals 3 | . 1 . 2 Communications Jammed . | . . . . Distress Signals . | . . . . Times Spotted 53 | . 9 17 27 Peak Tracking Total 11 | . 6 7 11 Tactical Retreats 4 | . . . 4 Traps | -11 -10 -9 -9 ------- Run | Scr Mat Mat Sto Traps Triggered . | . . . . Indirectly . | . . . . Trap Hack Attempts . | . . . . Triggered . | . . . . Disarmed . | . . . . Reprogrammed . | . . . . Reused . | . . . . Traps Extracted . | . . . . Installed . | . . . . Triggered . | . . . . Machines | -11 -10 -9 -9 ---------- Run | Scr Mat Mat Sto Machines Disabled 2 | . . . 2 Max in Single Turn 2 | . . . 2 Machines Sabotaged . | . . . . Garrisons Compromised . | . . . . Overloaded Fab Kills . | . . . . Fab Network Shutdowns . | . . . . Hacking | -11 -10 -9 -9 --------- Run | Scr Mat Mat Sto Machines Accessed 1 | . . . 1 Terminals . | . . . . Fabricators . | . . . . Repair Stations . | . . . . Recycling Units 1 | . . . 1 Scanalyzers . | . . . . Garrison Access . | . . . . Total Hacks 5 | . . . 5 Successful 4 | . . . 4 Failed 1 | . . . 1 Catastrophic . | . . . . Database Lockouts . | . . . . Manual 1 | . 1 . . Terminals . | . . . . Fabricators . | . . . . Repair Stations . | . . . . Recycling Units 5 | . . . 5 Scanalyzers . | . . . . Garrison Access . | . . . . Terminal Hacks . | . . . . Fabricator Hacks . | . . . . Repair Station Hacks . | . . . . Recycling Unit Hacks 4 | . . . 4 Recycle Component 3 | . . . 3 Process 1 | . . . 1 Scanalyzer . | . . . . Garrison Access Hacks . | . . . . Unauthorized Hacks . | . . . . Terminals . | . . . . Fabricators . | . . . . Repair Stations . | . . . . Recycling Units . | . . . . Scanalyzers . | . . . . Garrison Access . | . . . . Data Cores Recovered . | . . . . Used . | . . . . Hacking Detections 1 | . . . 1 Full Trace Events . | . . . . Feedback Events . | . . . . Feedback Blocked . | . . . . Robot Schematics Acquired . | . . . . Robots Built . | . . . . Matter . | . . . . Time . | . . . . Total Robot Build Rating . | . . . . Part Schematics Acquired . | . . . . Parts Built . | . . . . Matter . | . . . . Time . | . . . . Total Part Build Rating . | . . . . Parts Repaired . | . . . . Time . | . . . . Parts Recycled 3 | . . . 3 Recycled Matter 50 | . . . 50 Retrieved Matter . | . . . . Retrieved Components . | . . . . Parts Scanalyzed . | . . . . Part Schematics Acquired . | . . . . Parts Damaged . | . . . . Bothacking | -11 -10 -9 -9 ------------ Run | Scr Mat Mat Sto Used RIF Installer . | . . . . Robots Hacked . | . . . . Non-combat . | . . . . Combat . | . . . . Robot Hacks Applied . | . . . . Relay Couplers Released . | . . . . Robots Rewired . | . . . . Allies Hacked . | . . . . Hacks Repelled . | . . . . Allies | -11 -10 -9 -9 -------- Run | Scr Mat Mat Sto Total Allies . | . . . . Largest Group . | . . . . Highest-Rated Group . | . . . . Highest-Rated Ally . | . . . . Total Orders . | . . . . Ally Attacks . | . . . . Total Damage . | . . . . Kills . | . . . . Allies Corrupted . | . . . . Allies Melted . | . . . . Intel | -11 -10 -9 -9 ------- Run | Scr Mat Mat Sto Robot Analysis Total . | . . . . Derelict Logs Recovered . | . . . . Drone Launches . | . . . . Drone Recoveries . | . . . . Exploration | -11 -10 -9 -9 ------------- Run | Scr Mat Mat Sto Turns Passed 1607 | 116 539 383 569 Spaces Moved 689 | 86 240 156 207 Core 6 | 6 . . . Treads 77 | . . . 77 Legs 605 | 80 240 156 129 Wheels . | . . . . Hover . | . . . . Flight 1 | . . . 1 Fastest Speed 50 | 50 120 150 150 Average Speed 159 | 118 132 186 188 Slowest Speed 665 | 150 180 210 665 Overloaded Moves . | . . . . Propulsion Burnouts . | . . . . Robots Hopped . | . . . . Cave-ins Triggered . | . . . . Exploration Rate (%) 20 | 5 27 16 33 Regions Visited 3 Branch Regions 1 Pre-discovered Areas . | . . . . Known Exits Taken . | . . . . Unknown Exits Taken 3 | 1 1 1 . Scrap Searched . | . . . . Spaces Dug . | . . . . Terrain Destroyed 25 | . . . 25 Melee . | . . . . Projectile . | . . . . AOE 25 | . . . 25 Terrain Rammed . | . . . . Walls Destroyed . | . . . . Machines Disabled . | . . . . Actions | -11 -10 -9 -9 --------- Run | Scr Mat Mat Sto Total 1049 | 97 418 212 322 Wait 196 | . 142 . 54 Move 686 | 85 239 155 207 Hop . | . . . . Pick Up 25 | 6 3 16 . Fast Attach 14 | 6 3 2 3 Attach 14 | . . 2 12 Detach . | . . . . Swap 12 | . 3 3 6 Drop 17 | . 3 11 3 Fire 78 | . 23 23 32 Melee 5 | . . . 5 Ram . | . . . . Kick 2 | . 2 . . Crush . | . . . . Escape Stasis . | . . . . Rewire . | . . . . Trap . | . . . . Miscellaneous . | . . . . Route ------- -11/Scrapyard -10/Materials -9/Materials (discovered 2 exits: [*Min] / *Sto) -9/Storage History --------- Turn | Location | Event 7 | -11/Scrapyard | Discovered new exit (range 16) 117 | -11/Scrapyard | Entered Materials 308 | -10/Materials | Build established: Mutant 620 | -10/Materials | Discovered new exit (range 4) 656 | -10/Materials | Entered another Materials area 656 | -9/Materials | Evolved 2 slots: Propulsion x1, Utility x1 829 | -9/Materials | Discovered new exit (range 16) 935 | -9/Materials | Discovered new exit (range 15) 1039 | -9/Materials | Entered Storage 1309 | -9/Storage | Garrison activated, responded to threat 1434 | -9/Storage | Lost 4 parts (1n1u2w) 1566 | -9/Storage | Core integrity fell below 50% 1601 | -9/Storage | Core integrity fell below 20% 1608 | -9/Storage | Destroyed by S-10 Pest with Light Assault Rifle Last Messages --------------- 01578_ EM Shotgun destroyed. 01590_ S-10 Pest destroyed. 01590_ A-02 Transporter sends out distress signal. 01595_ Imp. Aluminum Leg destroyed. 01596_ Aluminum Leg destroyed. 01599_ Compression Vault explodes. 01599_ Rnf. Ion Engine destroyed. 01599_ Destroyed Rnf. Ion Engine. 01599_ Y-45 Defender destroyed. 01599_ G-34 Mercenary destroyed. 01599_ Compression Vault explodes. 01599_ G-34 Mercenary destroyed. 01599_ Spread Laser destroyed. 01599_ Destroyed Spread Laser. 01599_ Spread Laser destroyed. 01599_ Destroyed Spread Laser. 01600_ Field Recycling Unit collects Lgt. Treads, recycling 8 matter... 01600_ K-01 Serf collects debris. 01605_ Field Recycling Unit destroyed. 01607_ The unstable cave ceiling collapses. Map ----- +----------------------------------------------------+ | | | | | | | | | | | | | | | | | | | | | ????????????????????????????????????????????????? | | ????????????????????????????????????????????????? | | ????????????????????????????????????????????????? | | ???????????????????????????????????????###??????? | | ???????????????????????????????????????"""??????? | | ???????????????????????????????????????"T"??????? | | ??????????????????????????????????????? ??????? | | ??????????????????????????????????#??? ?????? | | ??????????????????????????????????? """ """ #??? | | ???????????????????????????????????# """ """ #??? | | ?????????????????????#####?????????# """ """ #??? | | ????????????????###### ##????????# """ """ #??? | | ????????????????# ##???????? """ """ ???? | | ??????????????### ##????????? ?????? | | ??????????????#"" = ############+######## | | ??????????????#"" = @# | | ??????????????#"T * [% = | | ??????????????#"" a % | | ??????????????#"" #################### | | ??????????????### #??????????????????# | | ????????????????# #??????????????????# | | ????????????????###### # ss#??????????????????# | | ?????????????????????#####s #??????????????????# | | ?????????????????????????# wu#??????????????????# | | ?????????????????????????# #??????????????????# | | ?????????????????????????# s #??????????????????# | | ?????????????????????????# #??????????????????? | | ?????????????????????????# #??????????????????? | | ?????????????????????????# #??????????????????? | | ?????????????????????????# #??????????????????? | | ?????????????????????????# ??????????????????? | | ?????????????????????????# #??????????????????? | | ?????????????????????????# #??????????????????? | | ?????????????????????????? #??????????????????? | | ?????????????????????????? ???????????????????? | | ?????????????????????????? ???????????????????? | | ????????????????????????????????????????????????? | | ????????????????????????????????????????????????? | | ????????????????????????????????????????????????# | | ????????????????????????????????????????????????# | +----------------------------------------------------+ Best States ------------- Heat Dissipation 28 Energy Generation 14 Energy Capacity 265 Matter Stores 290 Matter Capacity 300 Sight Range 16 Terrain Scan Density 10 Armor Coverage 150 Reclamation Efficiency 10 Evasion (%) 40 Recoil Reduction 2 Item Schematics ----------------- None Robot Schematics ------------------ None Fabricated ------------ Nothing Alien Tech Used ----------------- None Achievements -------------- Troublemaker Challenges ------------ None Game ------ Seed StealthNodeGenerator Manual? 0 Play Time 00:27:37 Cumulative 5.3 hours Start 2020.09.17 @ 22:35:49 End 2020.09.17 @ 23:02:07 Sessions 1 Manual Loads 0 Difficulty Rogue Special Mode None Game No. 5 Rogue 5 Adventurer 0 Explorer 0 Win Type - Total 0 Types 0/0/0/0/0/0/0/0/0 Lore% 6 Gallery% 7 Achievement% 8 Wizard Run 0 Options --------- ASCII 0 Keyboard 0 Movement Mouse Keybinds 0 Fullscreen 1 Font 16/Smallcaps Map View 76x50 Tactical HUD 1 Map Filters NONE Filters NONE Steam 1 RUN: 58799f4c-3481-4598-bf72-78e37b9db0e6